 Seeded DCSS version 0.28.0-53-g5a82cb258f (webtiles) character file.

Game seed: 11376294231417828559 (custom seed)

47 purpskrrrp the Skirmisher (level 3, 0/29 HPs)
             Began as a Human Fighter on June 23, 2022.
             Slain by a quokka (3 damage)
             ... on level 2 of the Dungeon.
             The game lasted 00:03:11 (1170 turns).

purpskrrrp the Skirmisher (Human Fighter)           Turns: 1170, Time: 00:03:11

Health: 0/29       AC:  6    Str: 18    XL:     3   Next: 97%
Magic:  3/3        EV:  9    Int:  8    God:
Gold:   48         SH:  4    Dex: 12    Spells: 2/2 levels left

rFire   x . .      SeeInvis .   a - +0 long sword
rCold   + . .      Faith    .   c - +0 buckler
rNeg    . . .      Spirit   .   b - +0 scale mail
rPois   .          Reflect  .   (no helmet)
rElec   .          Harm     .   (no cloak)
rCorr   .          Rampage  .   (no gloves)
Will    .....                   (no boots)
Stlth   ..........              (no amulet)
HPRegen 0.09/turn               e - ring of ice
MPRegen 0.08/turn               (no ring)

@: about to teleport
A: no striking features
a: no special abilities


You were on level 2 of the Dungeon.
You visited 1 branch of the dungeon, and saw 2 of its levels.

You collected 48 gold pieces.

Inventory:

Hand Weapons
 a - a +0 long sword (weapon)
Armour
 b - a +0 scale mail (worn)
 c - a +0 buckler (worn)
 h - an orb of wrath
Jewellery
 e - a ring of ice (left hand)
Scrolls
 g - a scroll of holy word {unknown}
 i - a scroll of identify {unknown}
Potions
 d - a potion of might


   Skills:
 + Level 3.4 Fighting
 + Level 2.9 Long Blades
 + Level 3.2 Armour
 + Level 3.3 Shields


You had 2 spell levels left.
You didn't know any spells.
Your spell library was empty.

Dungeon Overview and Level Annotations

Branches:
Dungeon (2/15)

Altars:
Trog


Message History

You barely miss the adder. The adder bites you but does no damage.
You hit the adder.
The adder is lightly wounded.
You block the adder's attack. The adder bites you.
You closely miss the adder.
The adder is lightly wounded.
The adder barely misses you. The adder bites you.
You hit the adder but do no damage.
The adder is lightly wounded.
The adder bites you.
You hit the adder.
The adder is heavily wounded.
The adder barely misses you. x2
You miss the adder.
The adder is heavily wounded.
The adder bites you but does no damage. The adder bites you.
You are poisoned.
The adder poisons you!
You closely miss the adder.
The adder is heavily wounded.
You feel very sick. You block the adder's attack. The adder bites you.
You hit the adder.
The adder is severely wounded.
You feel sick. The adder barely misses you.
You closely miss the adder.
The adder is severely wounded.
You feel sick. The adder bites you.
* * * LOW HITPOINT WARNING * * *
The adder bites you.
* * * LOW HITPOINT WARNING * * *
You slash the adder!
You kill the adder!
You feel sick. The quokka closely misses you.
As you read the scroll labelled FAMA YGOHOLA, it crumbles to dust.
You feel strangely unstable.
It was a scroll of teleportation.
You feel sick.
You are no longer poisoned.
The quokka barely misses you.
You miss the quokka. The quokka closely misses you. The quokka bites you.
You die...

?......##........# #.#
#.....##....†...## #.#
#.....##........'# #.#
#.....##........######.#
#.....##.............#.#
###................###.#.#
..............K(.......†.#
......K....###r######.####
......###### #@######.##
..!.# #.........# ...
########### ..


You could see a quokka and a kobold.

Vanquished Creatures
  An adder (D:2)
  4 endoplasms
  3 giant cockroaches
  6 hobgoblins (D:1)
  4 quokkas
  3 ball pythons (D:1)
  4 frilled lizards (D:1)
  5 kobolds
  5 rats
35 creatures vanquished.

Notes
Turn   | Place    | Note
-------+----------+-------------------------------------------
     0 | D:1      | purpskrrrp the Human Fighter began the quest for the Orb.
     0 | D:1      | Reached XP level 1. HP: 18/18 MP: 1/1
   103 | D:1      | Reached XP level 2. HP: 21/24 MP: 2/2
   419 | D:1      | Reached XP level 3. HP: 27/29 MP: 3/3
   853 | D:1      | Found a faded altar of an unknown god.
   955 | D:1      | Found a bloodstained altar of Trog.
  1170 | D:2      | Slain by a quokka

Illustrated notes

Levels and vault maps discovered:
D:1:      dpeg_arrival_water_altar, layout_loops_ring,
          dreamdust_ecumenical_altar_hidden_monk_grotto
D:2:      layout_basic, minmay_pentomino_pile

Action                   || total
-------------------------++-------
Melee: Long sword        ||    83
  Use: Scroll            ||     1
Armor: Scale mail        ||    33
Dodge: Dodged            ||    34
Block: Buckler           ||    18
